 Dungeon Crawl Stone Soup version 0.23.1-37-gaa34b87 (webtiles) character file.

Game seed: 8397782658975699875

1926 kae the Cudgeler (level 8, -5/65 HPs)
             Began as a Demonspawn Fighter on Mar 20, 2019.
             Was an Initiate of Ru.
             Slain by an orc warrior
             ... wielding a +2 battleaxe of electrocution
              (18 damage)
             ... on level 7 of the Dungeon.
             The game lasted 00:09:56 (7532 turns).

kae the Cudgeler (Demonspawn Fighter)               Turns: 7532, Time: 00:09:57

Health: -5/65      AC: 11    Str: 19    XL:     8   Next: 96%
Magic:  0/8        EV:  7    Int:  9    God:    Ru [......]
Gold:   402        SH:  9    Dex: 13    Spells: 7/7 levels left

rFire    . . .     SeeInvis .   a - +0 flail
rCold    . . .     Gourm    .   c - +0 shield
rNeg     + . .     Faith    .   b - +1 scale mail
rPois    .         Spirit   +   (helmet restricted)
rElec    .         Reflect  .   J - scarf {Spirit}
rCorr    +         Harm     .   r - +0 pair of gloves
MR       .....                  (no boots)
Stlth    +.........             k - amulet of magic regeneration
HPRegen  0.20/turn              e - ring of positive energy
MPRegen  0.36/turn              t - ring of resist corrosion

@: no status effects
A: antennae 1, fangs 1, yellow scales 1, blurry vision 1, nightstalker 1, sense
surroundings 1, powered by death 1
a: Renounce Religion


You were on level 7 of the Dungeon.
You worshipped Ru.
Ru was noncommittal.
You were not hungry.

You visited 2 branches of the dungeon, and saw 8 of its levels.
You also visited: Sewer.

You collected 510 gold pieces.
You spent 108 gold pieces at shops.

Inventory:

Hand Weapons
 a - a +0 flail (weapon)
Missiles
 v - 2 throwing nets (quivered)
Armour
 b - a +1 scale mail (worn)
 c - a +0 shield (worn)
 r - a +0 pair of gloves (worn)
 J - a scarf of spirit shield (worn)
Jewellery
 e - a ring of positive energy (left hand)
 h - an uncursed ring of ice
 j - a +5 ring of strength {unknown}
 k - an amulet of magic regeneration (around neck)
 t - a ring of resist corrosion (right hand)
 H - an uncursed amulet of faith {unknown}
Wands
 i - a wand of enslavement (4)
 y - a wand of iceblast (3)
 I - a wand of paralysis (7)
Scrolls
 n - a scroll of fear {unknown}
 u - 9 scrolls of teleportation
 z - 3 scrolls of remove curse
 A - a scroll of magic mapping
 C - 3 scrolls of amnesia {unknown}
 D - a scroll of blinking
 F - a scroll of immolation {unknown}
 G - 2 scrolls of identify
Potions
 d - 3 potions of might
 g - a potion of lignification
 l - 3 potions of agility
 m - 2 potions of resistance
 o - a potion of degeneration {unknown}
 p - a potion of magic
 q - a potion of haste
 s - 2 potions of ambrosia
 w - 2 potions of brilliance
 x - 2 potions of mutation
 E - a potion of invisibility {unknown}
Comestibles
 f - 12 rations
 B - 6 chunks of flesh


   Skills:
 + Level 6.5 Fighting
 * Level 7.8 Maces & Flails
 + Level 6.0 Armour
 - Level 2.6 Shields


You had 7 spell levels left.
You didn't know any spells.
Your spell library contained the following spells:

 Spells                   Type           Power        Failure   Level  Hunger
 Animate Skeleton         Necr           N/A          99%         1    ##.....
 Apportation              Tloc           #.....       99%         1    ##.....
 Confusing Touch          Hex            #.....       99%         1    ##.....
 Summon Small Mammal      Summ           #...         99%         1    ##.....


Dungeon Overview and Level Annotations

Branches:
Dungeon (7/15)             Temple (1/1) D:7

Altars:
Ashenzari
Cheibriados
Dithmenos
Elyvilon
Fedhas
Gozag
Hepliaklqana
Kikubaaqudgha
Makhleb
Nemelex Xobeh
Okawaru
Qazlal
Ru
Sif Muna
Trog
Uskayaw
Vehumet
Wu Jian
Xom
Yredelemnul
Zin
The Shining One

Shops:
D:7 :*(

Annotations:
D:5 3 runed translucent doors, Frank's ghost, novice OpFi


Innate Abilities, Weirdness & Mutations

You have a pair of small antennae on your head.
You are partially covered in yellow scales. (AC +2)
You are slightly more attuned to the shadows.
You regenerate a little health from kills.
You have very sharp teeth.
Scrolls take you a little longer to read.
You passively map a small area around you.


Message History

The orc warrior is heavily wounded.
The orc warrior hits you with a +2 battleaxe of electrocution.
You are electrocuted!
You are too injured to fight recklessly!
You are too injured to fight recklessly!
You are too injured to fight recklessly!
You are too injured to fight recklessly!
You closely miss the orc warrior. Your bite misses the orc warrior.
The orc warrior is heavily wounded.
The orc warrior hits you with a +2 battleaxe of electrocution.
You are electrocuted!
Your shield and scale mail prevent you from hitting the orc warrior.
You bite the orc warrior, but do no damage.
The orc warrior is heavily wounded.
The orc warrior hits you with a +2 battleaxe of electrocution!
* * * LOW HITPOINT WARNING * * *
You closely miss the orc warrior.
The orc warrior is heavily wounded.
The orc warrior hits you with a +2 battleaxe of electrocution!!
You die...

..# #.###### #.# #.#....# * ###
#.#### #.#....####..... , ##.#
.....# #..(...........>. , #..#
<.##.#####..#######....... , #..#
..##.#.....).## .....#####...
..##.#.###..#.# #..# #..#......#
..##.#.###..#.####..###..#+#.....
................@o.......>...#..#
..##.............#..###......#..#
..####.###..#.##.#..###.#......(.
........................##'#.#..#
........................o.†(.....
#.................####..#######..
##.......###..########..# #....
###..### .... , #....# ###..
#*....o.o.,, **##....# #..


You could see an orc warrior.

Vanquished Creatures
  A water moccasin (D:6)
  2 ice beasts
  A sky beast (D:7)
  Purgy (Sewer)
  An orc warrior (D:6)
  2 ogres
  A centaur (D:7)
  A bullfrog (D:7)
  4 scorpions
  2 howler monkeys
  A bullfrog zombie (D:7)
  8 orc wizards
  A bullfrog skeleton (D:5)
  A centaur zombie (D:6)
  A hound (D:7)
  An orc priest (D:6)
  A gnoll shaman (D:6)
  2 jellies
  An iguana (D:6)
  9 gnolls (D:6)
  9 adders
  A river rat (D:6)
  2 shadow imps
  2 adder skeletons
  2 worms (D:2)
  3 dart slugs
  5 leopard geckos
  8 orcs
  5 giant cockroaches
  5 goblins
  6 hobgoblins
  7 jackals
  A ball python skeleton (D:5)
  3 bats
  7 frilled lizards
  6 kobolds
  A leopard gecko skeleton (D:5)
  A quokka skeleton (D:7)
  12 rats
128 creatures vanquished.

Vanquished Creatures (others)
  2 orc wizards (D:7)
2 creatures vanquished.

Grand Total: 130 creatures vanquished

Notes
Turn   | Place    | Note
-------+----------+-------------------------------------------
     0 | D:1      | kae the Demonspawn Fighter began the quest for the Orb.
     0 | D:1      | Reached XP level 1. HP: 18/18 MP: 1/1
    34 | D:1      | Reached skill level 2 in Maces & Flails
    64 | D:1      | Gained mutation: You are partially covered in yellow
                  | scales. (AC +2) [demonic ancestry]
    64 | D:1      | Reached XP level 2. HP: 21/24 MP: 2/2
   563 | D:2      | Gained mutation: You are slightly more attuned to the
                  | shadows. [demonic ancestry]
   563 | D:2      | Reached XP level 3. HP: 23/29 MP: 3/3
   886 | D:2      | Reached skill level 3 in Maces & Flails
  1659 | D:3      | Found a hazy altar of Hepliaklqana.
  1696 | D:3      | Reached XP level 4. HP: 35/35 MP: 4/4
  2654 | D:4      | Noticed an ogre
  2657 | D:4      | Killed an ogre
  2657 | D:4      | Gained mutation: You have a pair of small antennae on your
                  | head. [demonic ancestry]
  2657 | D:4      | Reached XP level 5. HP: 23/42 MP: 5/5
  2961 | D:5      | Entered Level 5 of the Dungeon
  3006 | D:5      | Found a runed translucent gate.
  3007 | D:5      | Found a runed translucent gate.
  3008 | D:5      | Found a runed translucent gate.
  3077 | D:5      | Noticed Frank's ghost (novice OpFi)
  3102 | D:5      | Reached skill level 4 in Maces & Flails
  3130 | D:5      | Reached XP level 6. HP: 29/48 MP: 6/6
  3800 | D:5      | Noticed an ice beast
  3840 | D:5      | HP: 2/49 [ice beast (13)]
  3844 | D:5      | Killed an ice beast
  4207 | D:6      | Reached skill level 5 in Maces & Flails
  4247 | D:6      | Reached XP level 7. HP: 43/55 MP: 7/7
  4419 | D:6      | Reached skill level 5 in Fighting
  4447 | D:6      | Gained mutation: You passively map a small area around you.
                  | [potion of mutation]
  4447 | D:6      | Gained mutation: Scrolls take you a little longer to read.
                  | [potion of mutation]
  4447 | D:6      | Gained mutation: You have very sharp teeth. [potion of
                  | mutation]
  4680 | D:6      | Found a glowing drain.
  4688 | Sewer    | Entered a sewer
  4887 | Sewer    | Noticed Purgy
  4894 | Sewer    | Killed Purgy
  4894 | Sewer    | Reached skill level 6 in Maces & Flails
  5097 | D:6      | Reached skill level 5 in Armour
  5227 | D:6      | Gained mutation: You regenerate a little health from kills.
                  | [demonic ancestry]
  5227 | D:6      | Reached XP level 8. HP: 56/63 MP: 8/8
  6005 | D:7      | Found a staircase to the Ecumenical Temple.
  6037 | Temple   | Entered the Ecumenical Temple
  6142 | Temple   | Became a worshipper of Ru the Awakened
  6291 | D:7      | Reached skill level 7 in Maces & Flails
  6672 | D:7      | Found Ytuwn's Weapon Shop.
  7327 | D:7      | Found Raecw's Book Shoppe.
  7361 | D:7      | Found Sdinat's Superlative Supplies.
  7367 | D:7      | Bought a scarf of spirit shield for 108 gold pieces
  7532 | D:7      | Slain by an orc warrior

Skill      XL: |  1  2  3  4  5  6  7  8 |
---------------+-------------------------+-----
Maces & Flails | 2 3 4 5 6 7 |  7.8
Armour         | 3 4 5 6 |  6.0
Fighting       | 4 5 6 |  6.5
Shields        | |  2.6

Action                   |  1- 3 |  4- 6 |  7- 9 || total
-------------------------+-------+-------+-------++-------
Melee: Flail             |   132 |   143 |   338 ||   613
       Bite              |       |       |    31 ||    31
Evoke: Wand              |       |     1 |     5 ||     6
  Use: Scroll            |     6 |    12 |       ||    18
       Potion            |       |     1 |     7 ||     8
  Eat: Chunk             |     2 |     8 |     9 ||    19
       Ration            |       |       |     1 ||     1
Armor: Scale mail        |    53 |    65 |   180 ||   298
       Skin              |       |       |     1 ||     1
Dodge: Dodged            |    38 |    32 |    86 ||   156
Block: Shield            |    56 |    54 |   153 ||   263
